 Dungeon Crawl Stone Soup version 0.29.1-2-gbd0b4ee654 (webtiles) character file.

Game seed: 18139299997994451486

2503 styxcanada the Covert (level 9, 0/45 HPs)
             Began as a Spriggan Brigand on Nov 24, 2022.
             Engulfed by a steam dragon's steam (10 damage)
             ... on level 8 of the Dungeon.
             The game lasted 00:34:00 (8769 turns).

styxcanada the Covert (Spriggan Brigand)            Turns: 8769, Time: 00:34:01

Health: 0/45       AC:  6    Str:  7    XL:     9   Next: 28%
Magic:  13/13      EV: 22    Int: 12    God:
Gold:   330        SH:  8    Dex: 24    Spells: 12/13 levels left

rFire   . . .      SeeInvis +   y - +1 short sword (vamp)
rCold   . . .      Faith    .   m - +0 buckler
rNeg    . . .      Spirit   .   v - +2 robe of Ceitargh {rElec rPois Dex+3}
rPois   +          Reflect  .   (helmet restricted)
rElec   +          Harm     .   c - +1 cloak
rCorr   .          Rampage  .   (gloves unavailable)
Will    +....                   (boots unavailable)
Stlth   +++++.....              j - amulet of magic regeneration
HPRegen 0.15/turn               (no ring)
MPRegen 0.53/turn               (no ring)

@: very quick
A: very small, no large weapons, unfitting armour, see invisible, speed 3
a: no special abilities


You were on level 8 of the Dungeon.
You visited 2 branches of the dungeon, and saw 9 of its levels.

You collected 330 gold pieces.

Inventory:

Hand Weapons
 a - a +2 dagger
 u - a +3 sling of flaming
 y - a +1 vampiric short sword (weapon)
Missiles
 e - 4 boomerangs of dispersal
 q - 12 poisoned darts (quivered)
 s - 2 curare-tipped darts
 w - a throwing net
Armour
 c - a +1 cloak (worn)
 m - a +0 buckler (worn)
 v - the +2 robe of Ceitargh (worn) {rElec rPois Dex+3}
   (You acquired it on level 5 of the Dungeon)

   Dex:       It affects your dexterity (+3).
   rElec:     It insulates you from electricity.
   rPois:     It protects you from poison.
Jewellery
 b - a +6 ring of dexterity
 j - an amulet of magic regeneration (around neck)
 n - a ring of fire
Wands
 z - a wand of light (8)
Scrolls
 f - 2 scrolls of fear
 g - a scroll of enchant armour
 l - a scroll of poison
 p - a scroll of amnesia
Potions
 d - 2 potions of curing
 h - a potion of magic
 i - a potion of haste
 k - a potion of ambrosia
 o - a potion of invisibility
 r - a potion of resistance
 t - a potion of heal wounds
 x - a potion of mutation {unknown}


   Skills:
 + Level 3.9 Fighting
 + Level 4.1 Short Blades
 + Level 3.1 Ranged Weapons
 + Level 4.5 Throwing
 * Level 6.5 Dodging
 * Level 10.8 Stealth
 * Level 3.2 Shields
 * Level 2.5 Spellcasting
 * Level 1.2 Conjurations
 * Level 2.1 Air Magic
 * Level 1.0 Evocations


You had 12 spell levels left.
You knew the following spells:

 Your Spells              Type           Power      Damage    Failure   Level
a - Shock                 Conj/Air       20%        1d4       26%         1

Your spell library contained the following spells:

 Spells                   Type           Power      Damage    Failure   Level
 Static Discharge         Conj/Air       5%         3-4/arc   36%         2
 Swiftness                Air            6%         N/A       54%         3
 Inner Flame              Hex/Fire       1%         N/A       83%         3
 Airstrike                Air            3%         2d(1-17)  91%         4
 Anguish                  Hex/Necr       0%         N/A       99%         4
 Cause Fear               Hex            0%         N/A       99%         4
 Lightning Bolt           Conj/Air       2%         1d14      100%        5
 Enfeeble                 Hex            0%         N/A       100%        7
 Discord                  Hex            0%         N/A       100%        8
 Maxwell's Capacitive Co  Air            3%         ∞         100%        8


Dungeon Overview and Level Annotations

Branches:
Dungeon (8/15)             Temple (1/1) D:5
   Lair: D:8-11

Altars:
Elyvilon
Fedhas
Hepliaklqana
Kikubaaqudgha
Nemelex Xobeh
Qazlal
Ru
Sif Muna
Trog
Wu Jian
Xom
Zin


Innate Abilities, Weirdness & Mutations

You are very small and have problems with some larger weapons.
You are too small for most types of armour.
You have supernaturally acute eyesight. (SInv)
You cover ground extremely quickly. (Speed+++)


Message History

Can't find anything matching that.
Search for what [Enter for "gozag", or ? for help]? trog Done exploring.
(D) Dungeon (T) Temple
Where to? (Enter - D:7, ? - help)
What level of the Dungeon? (default 1, ? - help)
Things that are here:
a +2 hand axe; a +0 robe
There is a stone staircase leading down here.
You climb downwards.
Found 14 gold pieces.
There is a stone staircase leading up here.
Found a club.
A centaur comes into view.
You see here 14 gold pieces.
You now have 330 gold pieces (gained 14).
The centaur shouts!
The centaur wields a +0 shortbow.
The centaur shoots an arrow.
The arrow misses you.
The centaur shoots an arrow.
The arrow hits you!
A steam dragon comes into view.
The centaur shoots an arrow.
You block the arrow.
The steam dragon hisses angrily.
Found a runed iron wand.
The centaur shoots an arrow.
The arrow hits you but does no damage.
The centaur shoots an arrow.
You block the arrow.
You hit the centaur but do no damage.
The centaur unwields a +0 shortbow.
The centaur hits you.
The centaur kicks you but does no damage.
You hit the centaur but do no damage. You block the centaur's attack.
The centaur completely misses you. The centaur barely misses you.
The centaur completely misses you.
You hit the centaur but do no damage. The centaur hits you.
You block the centaur's attack. The steam dragon breathes steam at you.
The ball of steam hits you!
* * * LOW HITPOINT WARNING * * *
You hit the centaur but do no damage.
You are engulfed in a cloud of scalding steam.
You die...

....#......./...
.................
....#...........#.
..................
#.................
#.................
###.##..............
...........D....... ###
###.###.....@c......
....#...........§.......
.....<.......#.#§#......
.###########.)...##.....
..#..........
......#........
.8......... ...
.......##.. ... ........


You could see a steam dragon (catching breath) and a centaur.

Vanquished Creatures
  Menkaure (D:7)
  A water moccasin (D:6)
  3 ice beasts
  3 ogres
  3 centaurs
  A phantom (D:5)
  4 scorpions
  2 bullfrogs (D:6)
  A necrophage (D:6)
  5 wights (D:7)
  2 howler monkeys
  4 hounds
  A gnoll bouda (D:6)
  2 orc priests (D:3)
  6 iguanas
  5 orc wizards
  5 gnolls (D:6)
  4 adders
  2 white imps
  2 dart slugs (D:1)
  17 orcs
  4 ball pythons
  3 endoplasms
  4 giant cockroaches
  5 goblins (D:1)
  4 hobgoblins
  5 jackals (D:1)
  7 kobolds
  2 quokkas
  6 bats
  2 frilled lizards
  5 rats (D:1)
121 creatures vanquished.

Vanquished Creatures (collateral kills)
  An orc (D:5)
1 creature vanquished.

Grand Total: 122 creatures vanquished

Notes
Turn   | Place    | Note
-------+----------+-------------------------------------------
     0 | D:1      | styxcanada the Spriggan Brigand began the quest for the
                  | Orb.
     0 | D:1      | Reached XP level 1. HP: 10/10 MP: 2/2
    25 | D:1      | Reached skill level 6 in Stealth
    63 | D:1      | Reached XP level 2. HP: 7/14 MP: 3/3
   363 | D:1      | Found a faded altar of an unknown god.
   638 | D:1      | Reached skill level 7 in Stealth
   833 | D:1      | Reached XP level 3. HP: 18/18 MP: 4/4
  1841 | D:3      | Reached XP level 4. HP: 23/23 MP: 5/5
  1903 | D:3      | Reached skill level 8 in Stealth
  1941 | D:3      | HP: 1/23 [orc/+0 flail (9)]
  2396 | D:3      | Reached XP level 5. HP: 3/26 MP: 6/6
  4288 | D:4      | Reached skill level 1 in Shields
  4288 | D:4      | Reached XP level 6. HP: 30/30 MP: 7/7
  4558 | D:5      | Entered Level 5 of the Dungeon
  4558 | D:5      | Found a staircase to the Ecumenical Temple.
  4562 | D:5      | Noticed an ice beast
  4565 | Temple   | Entered the Ecumenical Temple
  4786 | D:5      | Found a shimmering altar of Xom.
  4937 | D:5      | Killed an ice beast
  5521 | D:5      | Reached XP level 7. HP: 23/35 MP: 8/8
  5652 | D:5      | Identified a scroll of acquirement
  5652 | D:5      | Acquired the +2 robe of Ceitargh {rElec rPois Dex+3}
  5705 | D:5      | Reached skill level 9 in Stealth
  6557 | D:6      | Reached XP level 8. HP: 40/40 MP: 9/9
  6567 | D:6      | Reached skill level 5 in Dodging
  6578 | D:6      | Reached skill level 10 in Stealth
  6666 | D:6      | Reached skill level 1 in Ranged Weapons
  6695 | D:6      | Learned a level 1 spell: Shock
  7058 | D:6      | Reached skill level 1 in Spellcasting
  7175 | D:6      | Reached skill level 1 in Air Magic
  7457 | D:7      | Identified the +2 ring mail of Qoriw {-Tele Fly Dex+5}
  7880 | D:7      | Reached XP level 9. HP: 45/45 MP: 11/13
  7960 | D:7      | Reached skill level 1 in Conjurations
  8312 | D:7      | Noticed Menkaure
  8330 | D:7      | Killed Menkaure
  8331 | D:7      | Reached skill level 1 in Evocations
  8769 | D:8      | Engulfed by a steam dragon's steam

Illustrated notes

Levels and vault maps discovered:
D:1:      giann_horns, layout_basic, hellmonk_ecumenical_altar_run_dry,
          dk_noncrumbling_3
D:2:      layout_loops_ring
D:3:      layout_basic
D:4:      layout_rooms
D:5:      layout_gridville, kennysheep_mini_moat,
          minmay_temple_entry_sparse_star, serial_glass, glass_columns_b,
          glass_columns_a
D:6:      layout_rooms
D:7:      layout_gridville, uniq_menkaure
D:8:      layout_rooms, slow_altar_2, lair_entry_dummy, reono_crystal_passage,
          due_unseen_surprise
Temple:   nicolae_temple_bog_church

Skill      XL: |  1  2  3  4  5  6  7  8  9 |
---------------+----------------------------+-----
Stealth        | 6 7 8 9 10 | 10.8
Dodging        | 2 3 4 6 |  6.5
Fighting       | 2 3 |  3.9
Shields        | 1 2 3 |  3.2
Short Blades   | 3 4 |  4.1
Throwing       | 3 4 |  4.5
Ranged Weapons | 2 3 |  3.1
Spellcasting   | 2 |  2.5
Air Magic      | 1 2 |  2.1
Conjurations   | 1 |  1.2
Evocations     | 1 |  1.0

Action                   |  1- 3 |  4- 6 |  7- 9 || total
-------------------------+-------+-------+-------++-------
Melee: Dagger            |    96 |   107 |    77 ||   280
       Short sword       |       |       |    75 ||    75
 Fire: Sling             |       |       |   102 ||   102
Throw: Dart              |    10 |    66 |    17 ||    93
       Stone             |       |    21 |       ||    21
  Use: Scroll            |       |    10 |     9 ||    19
       Potion            |       |       |     7 ||     7
 Stab: Sleeping          |    15 |     4 |    11 ||    30
Armor: Robe              |    15 |     6 |    27 ||    48
       Skin              |       |       |    37 ||    37
Dodge: Dodged            |    47 |    83 |   127 ||   257
Block: Buckler           |     6 |    24 |    88 ||   118
